Islanders vs Capitals

Created - Friday, February 05, 2016 at 02:28

Goals
1 2 3 OT1 SO T
Islanders 3 1 1 0 2 6
Capitals 2 2 1 0 1 5
Shots
1 2 3 OT1 SO T
Islanders 14 11 8 2 3 35
Capitals 11 6 9 1 3 27

1st period

1. Capitals , Steve Bernier 6 (Melker Karlsson, Matt Read) at 7:18
2. Capitals , Patrick Kane 28 (Eric Staal) at 8:41 (PP)
3. Islanders , Marian Hossa 12 (Joe Pavelski) at 12:16 (PP)
4. Islanders , Jamie Benn 49 (Olli Maatta, Brandon Pirri) at 15:27
5. Islanders , Frans Nielsen 13 (Jamie Benn, Dustin Brown) at 19:21 (PP)

Penalties :
Kyle Clifford (Was) for Interference (Minor) at 1:41, Kevin Klein (NYI) for Hooking (Minor) at 8:18, Nicklas Grossmann (Was) for Roughing (Minor) at 12:12, Mike Green (Was) for Interference (Minor) at 18:57

2nd period

6. Capitals , Patrick Kane 29 (Eric Staal) at 6:57 (PP)
7. Capitals , Patrick Kane 30 (Robyn Regehr) at 14:22
8. Islanders , David Krejci 16 (Jamie Benn) at 19:12

Penalties :
Robyn Regehr (Was) for Holding (Minor) at 0:39, Olli Maatta (NYI) for Hooking (Minor) at 6:45, Melker Karlsson (Was) for Holding (Minor) at 8:20, Robyn Regehr (Was) for Roughing (Minor) at 15:23, Erik Karlsson (NYI) for High sticking (Minor) at 16:20

3rd period

9. Capitals , Eric Staal 33 (Nicklas Grossmann) at 10:18 (PP)
10. Islanders , Jamie Benn 50 (Frans Nielsen, Erik Karlsson) at 11:09 (PP)

Penalties :
Steve Bernier (Was) for Fighting (Major) at 0:39, Dalton Prout (NYI) for Fighting (Major) at 0:39, Robyn Regehr (Was) for High sticking (Minor) at 0:56, Paul Gaustad (NYI) for Slashing (Minor) at 9:15, Kyle Clifford (Was) for Holding (Minor) at 10:45, Eric O'Dell (Was) for Boarding (Minor) at 14:16, Carl Hagelin (NYI) for Hooking (Minor) at 18:29

Overtime #1

No Goal

Penalties :
No Penalty

Shootout

Penalty Shot by Joe Pavelski for Islanders - Goal!
Penalty Shot by Patrick Kane for Capitals - Goal!
Penalty Shot by Frans Nielsen for Islanders - Stopped by Matt Murray
Penalty Shot by Eric Staal for Capitals - Stopped by Braden Holtby
Penalty Shot by Tyler Ennis for Islanders - Goal!
Penalty Shot by Alex Tanguay for Capitals - Stopped by Braden Holtby

Penalties :
No Penalty

Goalie Stats

Braden Holtby (NYI), 22 saves from 27 shots - (0.815), W, 35-10-2, 65:00 minutes
Matt Murray (Was), 30 saves from 35 shots - (0.857), OTL, 2-5-1, 65:00 minutes

Players Stats for Islanders

Player Name              G  A  P  +/- PIM S  H  SB GA TA FO     MP     PP MP  PK MP  
------------------------------------------------------------------------------------
Brandon Pirri            0  1  1   2  0   0  0  0  1  1  3/3    12:23   0:00   0:00 
Carl Hagelin             0  0  0  -2  2   2  2  0  0  0  0/0    18:27   5:41   0:37 
Dalton Prout             0  0  0   0  5   0  4  1  1  2  0/0    16:05   0:00   0:50 
David Krejci             1  0  1   2  0   3  1  0  3  0  13/20  22:57   6:03   0:33 
Dustin Brown             0  1  1   0  0   4  5  0  0  1  0/0    19:37   8:20   0:42 
Erik Karlsson            0  1  1  -1  2   3  2  4  0  1  0/0    32:41  10:55   1:09 
Frans Nielsen            1  1  2   0  0   3  1  0  4  0  6/9    16:08   6:03   0:00 
Jamie Benn               2  2  4   2  0   6  2  0  4  1  1/1    22:37   6:03   0:01 
Joe Pavelski             0  1  1  -2  0   1  2  1  5  0  9/15   22:06   5:41   3:22 
Jordan Leopold           0  0  0   1  0   0  0  1  0  1  0/0    11:27   0:00   0:00 
Kevin Klein              0  0  0  -1  2   1  1  2  1  2  0/0    18:33   0:00   2:28 
Lauri Korpikoski         0  0  0   0  0   2  1  0  1  0  0/0     8:58   0:00   0:00 
Marian Hossa             1  0  1  -2  0   4  0  0  4  1  1/1    17:36   5:41   0:00 
Olli Maatta              0  1  1   0  2   1  0  2  0  1  0/0    19:17   0:48   1:04 
Patrik Berglund          0  0  0   0  0   2  0  0  1  0  0/0     8:58   0:00   0:00 
Paul Gaustad             0  0  0   0  2   0  0  1  0  1  10/16  13:16   0:00   3:24 
Rob Scuderi              0  0  0   1  0   1  0  1  0  1  0/0    18:49   0:00   3:37 
Tyler Ennis              0  0  0   0  0   2  0  0  2  0  1/2    14:23   3:24   0:00 

Players Stats for Capitals

Player Name              G  A  P  +/- PIM S  H  SB GA TA FO     MP     PP MP  PK MP  
------------------------------------------------------------------------------------
Alex Tanguay             0  0  0   0  0   4  0  0  3  1  0/5    17:14   1:50   2:42 
Chad LaRose              0  0  0   0  0   0  0  0  0  0  0/0     0:00   0:00   0:00 
Damon Severson           0  0  0   0  0   0  0  1  0  1  0/0    16:35   0:00   4:08 
Eric Gelinas             0  0  0   0  0   2  2  0  0  0  0/0    12:15   0:00   0:00 
Eric O'Dell              0  0  0   1  2   0  0  0  0  0  1/3     5:19   0:00   0:00 
Eric Staal               1  2  3   0  0   2  1  0  2  1  8/14   24:09   1:57   9:02 
Erik Condra              0  0  0  -1  0   1  0  0  6  0  0/0    14:23   0:00   0:00 
Jakub Kindl              0  0  0   0  0   0  0  2  0  4  0/0    23:19   2:12   3:44 
Kyle Clifford            0  0  0  -1  4   1  4  0  0  1  1/2    14:48   0:00   0:58 
Luke Adam                0  0  0   1  0   0  1  1  0  1  1/1     7:52   0:30   0:00 
Marko Dano               0  0  0  -1  0   1  0  0  2  0  5/15   12:45   0:00   0:00 
Matt Read                0  1  1   0  0   1  2  1  2  2  0/0    20:03   2:08   2:21 
Melker Karlsson          0  1  1   0  2   2  0  0  1  0  1/11   15:41   2:08   0:00 
Mike Green               0  0  0   0  2   0  0  2  0  2  0/0    29:48   1:53   7:36 
Nicklas Grossmann        0  1  1   0  2   2  2  1  0  2  0/0    23:18   2:12   3:44 
Patrick Kane             3  0  3   1  0   8  1  2  5  0  5/15   27:56   1:27   8:25 
Robyn Regehr             0  1  1   0  6   1  3  2  1  5  0/0    26:31   2:00   4:16 
Steve Bernier            1  0  1   0  5   2  0  0  0  0  1/1    15:08   2:08   0:00 

3 Stars

1 - Jamie Benn (NYI)
2 - Patrick Kane (Was)
3 - Eric Staal (Was)

Power Play

Islanders - 3 on 9 Attempt(s) - 33.33%
Capitals - 3 on 5 Attempt(s) - 60.00%

Penalty Kill

Islanders - 2 on 5 Attempt(s) - 40.00% - Score 0 goal in Penalty Kill
Capitals - 6 on 9 Attempt(s) - 66.67% - Score 0 goal in Penalty Kill

Team Stat

Islanders - Hits : 21 - Faceoff Wins : 44 - Blocked Shots : 13 - Penalty Minutes : 15
Capitals - Hits : 16 - Faceoff Wins : 23 - Blocked Shots : 12 - Penalty Minutes : 23

Official

Referees : Unknown
Linesman : Unknown

Game Notes

Patrick Kane has scored a Hat Trick!
Steve Bernier beats up Dalton Prout at 0:39 of 3rd period

Finance

Level 1 -- Attendance: 4867 (81.12%) -- Ticket Income $438,030
Level 2 -- Attendance: 3989 (79.78%) -- Ticket Income $219,395
Level 3 -- Attendance: 2000 (100.00%) -- Ticket Income $60,000
Level 4 -- Attendance: 4000 (100.00%) -- Ticket Income $68,000
Luxury Box -- Attendance: 948 (94.80%) -- Ticket Income $163,056
Game was played at the Verizon Center.
Total Attendance: 15804 (87.80%)
Total Ticket Income: $948,481
Other Income: $464,756
Total Income: $1,413,237

Islanders

5 vs 5 Forward 
   Center                   Left Wing                Right Wing               Time % Phy DF OF 
 1 David Krejci             Jamie Benn               Brandon Pirri            32     1   2  2  
 2 Joe Pavelski             Carl Hagelin             Marian Hossa             27     1   2  2  
 3 Frans Nielsen            Dustin Brown             Tyler Ennis              23     1   2  2  
 4 Paul Gaustad             Lauri Korpikoski         Patrik Berglund          18     1   2  2  

5 vs 5 Defense 
   Defense                  Defense                                           Time % Phy DF OF 
 1 Erik Karlsson            Kevin Klein                                       33     1   2  2  
 2 Dalton Prout             Olli Maatta                                       30     1   2  2  
 3 Jordan Leopold           Rob Scuderi                                       24     1   2  2  
 4 Erik Karlsson            Rob Scuderi                                       13     1   2  2  

PowerPlay Forward 
   Center                   Left Wing                Right Wing               Time % Phy DF OF 
 1 David Krejci             Jamie Benn               Frans Nielsen            57     1   2  2  
 2 Joe Pavelski             Carl Hagelin             Marian Hossa             43     1   2  2  

PowerPlay Defense
   Defense                  Defense                                           Time % Phy DF OF 
 1 Erik Karlsson            Dustin Brown                                      60     1   2  2  
 2 Erik Karlsson            Tyler Ennis                                       40     1   2  2  

Penalty Kill 4 Players Forward 
   Center                   Wing                     Time % Phy DF OF 
 1 Paul Gaustad             Joe Pavelski             60     1   2  2  
 2 Frans Nielsen            Carl Hagelin             40     1   2  2  

Penalty Kill 4 Players Defense
   Defense                  Defense                  Time % Phy DF OF 
 1 Kevin Klein              Rob Scuderi              50     1   2  2  
 2 Olli Maatta              Erik Karlsson            50     1   2  2  

Penalty Kill - 3 Players Forward 
   Forward                                           Time % Phy DF OF 
 1 Paul Gaustad                                      60     1   2  2  
 2 Frans Nielsen                                     40     1   2  2  

Penalty Kill - 3 Players Defense
   Defense                  Defense                  Time % Phy DF OF 
 1 Rob Scuderi              Kevin Klein              50     1   2  2  
 2 Dalton Prout             Olli Maatta              50     1   2  2  

4 vs 4 Forward 
   Center                   Wing                     Time % Phy DF OF 
 1 David Krejci             Jamie Benn               60     1   2  2  
 2 Joe Pavelski             Marian Hossa             40     1   2  2  

4 vs 4 Defense
   Defense                  Defense                  Time % Phy DF OF 
 1 Erik Karlsson            Dalton Prout             60     1   2  2  
 2 Olli Maatta              Kevin Klein              40     1   2  2  

Last Minutes Offensive
   Center                   Left Wing                Right Wing               Defense                  Defense                  
   Joe Pavelski             Jamie Benn               Lauri Korpikoski         Erik Karlsson            Olli Maatta              

Last Minutes Defensive
   Center                   Left Wing                Right Wing               Defense                  Defense                  
   Paul Gaustad             Joe Pavelski             Lauri Korpikoski         Olli Maatta              Dalton Prout             

Goaltenders
Starting : Braden Holtby            
Backup : Andrew Hammond           

Extra Forwards
Normal : Jamie Benn, Joe Pavelski, Dustin Brown - PP : David Krejci, Jamie Benn - PK : Carl Hagelin
Extra Defensemen
Normal : Erik Karlsson, Olli Maatta, Rob Scuderi - PP : Erik Karlsson - PK : Rob Scuderi, Olli Maatta
Penalty Shots
Joe Pavelski, Frans Nielsen, Tyler Ennis, Jamie Benn, Dustin Brown

Capitals

5 vs 5 Forward 
   Center                   Left Wing                Right Wing               Time % Phy DF OF 
 1 Eric Staal               Alex Tanguay             Patrick Kane             35     1   2  2  
 2 Melker Karlsson          Matt Read                Steve Bernier            30     1   2  2  
 3 Marko Dano               Kyle Clifford            Erik Condra              22     1   2  2  
 4 Eric O'Dell              Luke Adam                Patrick Kane             13     1   2  2  

5 vs 5 Defense 
   Defense                  Defense                                           Time % Phy DF OF 
 1 Robyn Regehr             Mike Green                                        35     1   2  2  
 2 Nicklas Grossmann        Jakub Kindl                                       30     1   2  2  
 3 Eric Gelinas             Damon Severson                                    22     1   2  2  
 4 Robyn Regehr             Mike Green                                        13     1   2  2  

PowerPlay Forward 
   Center                   Left Wing                Right Wing               Time % Phy DF OF 
 1 Eric Staal               Alex Tanguay             Patrick Kane             60     1   2  2  
 2 Melker Karlsson          Matt Read                Steve Bernier            40     1   2  2  

PowerPlay Defense
   Defense                  Defense                                           Time % Phy DF OF 
 1 Robyn Regehr             Mike Green                                        60     1   2  2  
 2 Nicklas Grossmann        Jakub Kindl                                       40     1   2  2  

Penalty Kill 4 Players Forward 
   Center                   Wing                     Time % Phy DF OF 
 1 Patrick Kane             Eric Staal               60     1   2  2  
 2 Alex Tanguay             Matt Read                40     1   2  2  

Penalty Kill 4 Players Defense
   Defense                  Defense                  Time % Phy DF OF 
 1 Robyn Regehr             Mike Green               60     1   2  2  
 2 Nicklas Grossmann        Jakub Kindl              40     1   2  2  

Penalty Kill - 3 Players Forward 
   Forward                                           Time % Phy DF OF 
 1 Patrick Kane                                      60     1   2  2  
 2 Eric Staal                                        40     1   2  2  

Penalty Kill - 3 Players Defense
   Defense                  Defense                  Time % Phy DF OF 
 1 Robyn Regehr             Mike Green               60     1   2  2  
 2 Nicklas Grossmann        Jakub Kindl              40     1   2  2  

4 vs 4 Forward 
   Center                   Wing                     Time % Phy DF OF 
 1 Patrick Kane             Eric Staal               60     1   2  2  
 2 Alex Tanguay             Matt Read                40     1   2  2  

4 vs 4 Defense
   Defense                  Defense                  Time % Phy DF OF 
 1 Robyn Regehr             Mike Green               60     1   2  2  
 2 Nicklas Grossmann        Jakub Kindl              40     1   2  2  

Last Minutes Offensive
   Center                   Left Wing                Right Wing               Defense                  Defense                  
   Eric Staal               Alex Tanguay             Patrick Kane             Robyn Regehr             Mike Green               

Last Minutes Defensive
   Center                   Left Wing                Right Wing               Defense                  Defense                  
   Eric Staal               Alex Tanguay             Patrick Kane             Robyn Regehr             Mike Green               

Goaltenders
Starting : Matt Murray              
Backup : Sami Aittokallio         

Extra Forwards
Normal : Luke Adam, Erik Condra, Kyle Clifford - PP : Luke Adam, Erik Condra - PK : Kyle Clifford
Extra Defensemen
Normal : Eric Gelinas, Damon Severson, Nicklas Grossmann - PP : Eric Gelinas - PK : Damon Severson, Nicklas Grossmann
Penalty Shots
Patrick Kane, Eric Staal, Alex Tanguay, Matt Read, Steve Bernier

% Time on Ice - Islanders

Lines # - Real PCT - Wanted PCT - Time Play
Normal Forward
1 - 30% - 32% - 13:03
2 - 27% - 27% - 11:29
3 - 22% - 23% - 9:39
4 - 21% - 18% - 8:58
Normal Defense
1 - 33% - 33% - 14:06
2 - 35% - 30% - 15:18
3 - 25% - 24% - 10:36
4 - 7% - 13% - 3:09
PP Forward
1 - 52% - 57% - 6:03
2 - 48% - 43% - 5:41
PP Defense
1 - 71% - 60% - 8:20
2 - 29% - 40% - 3:24
PK Forward
1 - 100% - 60% - 4:05
2 - 0% - 40% - 0:00
PK Defense
1 - 69% - 50% - 2:49
2 - 31% - 50% - 1:16
PK3 Forward
1 - 100% - 60% - 0:29
2 - 0% - 40% - 0:00
PK3 Defense
1 - 100% - 50% - 0:29
2 - 0% - 50% - 0:00
44 Forward
1 - 92% - 60% - 5:07
2 - 8% - 40% - 0:26
44 Defense
1 - 69% - 60% - 3:51
2 - 31% - 40% - 1:42
Last Minute Offensive  - 0:00
Last Minute Defensive  - 0:00
Total
Forward - 65:00
Defense - 65:00

% Time on Ice - Capitals

Lines # - Real PCT - Wanted PCT - Time Play
Normal Forward
1 - 24% - 35% - 10:10
2 - 35% - 30% - 14:55
3 - 30% - 22% - 12:45
4 - 12% - 13% - 5:19
Normal Defense
1 - 34% - 35% - 14:37
2 - 34% - 30% - 14:53
3 - 27% - 22% - 11:28
4 - 5% - 13% - 2:11
PP Forward
1 - 48% - 60% - 1:57
2 - 52% - 40% - 2:08
PP Defense
1 - 46% - 60% - 1:53
2 - 54% - 40% - 2:12
PK Forward
1 - 80% - 60% - 9:23
2 - 20% - 40% - 2:21
PK Defense
1 - 68% - 60% - 8:00
2 - 32% - 40% - 3:44
PK3 Forward
1 - 0% - 60%
2 - 0% - 40%
PK3 Defense
1 - 0% - 60%
2 - 0% - 40%
44 Forward
1 - 89% - 60% - 5:23
2 - 11% - 40% - 0:39
44 Defense
1 - 59% - 60% - 3:32
2 - 41% - 40% - 2:30
Last Minute Offensive  - 0:00
Last Minute Defensive  - 0:00
Total
Forward - 65:00
Defense - 65:00

Play by Play

1st period


0:01 of 1st period - Eric Staal wins face-off versus David Krejci in neutral zone.
1:05 of 1st period - Snap shot by Marian Hossa.
1:05 of 1st period - Stopped by Matt Murray with a rebound.
1:07 of 1st period - Slapshot by Dalton Prout.
1:07 of 1st period - Shot Misses the Net.
1:09 of 1st period - Snap shot by Marian Hossa.
1:09 of 1st period - Shot Hit the Post.
1:11 of 1st period - Snap shot by Carl Hagelin.
1:11 of 1st period - Stopped by Matt Murray without a rebound.
1:12 of 1st period - Frans Nielsen wins face-off versus Marko Dano in Capitals zone.
1:41 of 1st period - Minor Penalty to Kyle Clifford for Interference.
1:42 of 1st period - David Krejci wins face-off versus Patrick Kane in Capitals zone.
2:10 of 1st period - Snap shot by Patrick Kane.
2:10 of 1st period - Stopped by Braden Holtby with a rebound.
2:16 of 1st period - Slapshot by Erik Karlsson.
2:16 of 1st period - Shot Misses the Net.
2:32 of 1st period - Nicklas Grossmann is hit by Dustin Brown and loses puck.
2:42 of 1st period - Off-side.
2:43 of 1st period - Joe Pavelski wins face-off versus Alex Tanguay in neutral zone.
3:41 of 1st period - Penalty to Kyle Clifford is over, Kyle Clifford is back on ice.
3:42 of 1st period - Matt Read is hit by Erik Karlsson and loses puck.
4:00 of 1st period - Wrist shot by Matt Read.
4:00 of 1st period - Shot Blocked by Erik Karlsson.
4:02 of 1st period - Snap shot by Eric Gelinas.
4:02 of 1st period - Deflect By Alex Tanguay.
4:02 of 1st period - Stopped by Braden Holtby without a rebound.
4:03 of 1st period - Paul Gaustad wins face-off versus Marko Dano in Islanders zone.
4:24 of 1st period - Dalton Prout is hit by Kyle Clifford.
4:31 of 1st period - Off-side.
4:32 of 1st period - David Krejci wins face-off versus Melker Karlsson in neutral zone.
4:55 of 1st period - Wrist shot by Matt Read.
4:55 of 1st period - Stopped by Braden Holtby with a rebound.
5:30 of 1st period - Jakub Kindl is hit by Dustin Brown and loses puck.
6:10 of 1st period - Snap shot by Patrik Berglund.
6:10 of 1st period - Shot Blocked by Nicklas Grossmann.
6:12 of 1st period - Slapshot by Olli Maatta.
6:12 of 1st period - Stopped by Matt Murray without a rebound.
6:13 of 1st period - Eric Staal wins face-off versus Paul Gaustad in Capitals zone.
6:21 of 1st period - Wrist shot by Patrick Kane.
6:21 of 1st period - Stopped by Braden Holtby with a rebound.
6:23 of 1st period - Wrist shot by Eric Gelinas.
6:23 of 1st period - Stopped by Braden Holtby with a rebound.
6:25 of 1st period - Wrist shot by Alex Tanguay.
6:25 of 1st period - Shot Blocked by Dalton Prout.
7:18 of 1st period - Slapshot by Steve Bernier.
7:18 of 1st period - Goal by Steve Bernier - Islanders : 0 - Capitals : 1.
7:19 of 1st period - David Krejci wins face-off versus Marko Dano in neutral zone.
8:12 of 1st period - Joe Pavelski is hit by Patrick Kane and loses puck.
8:18 of 1st period - Minor Penalty to Kevin Klein for Hooking.
8:19 of 1st period - Paul Gaustad wins face-off versus Eric Staal in Islanders zone.
8:31 of 1st period - Snap shot by Eric Staal.
8:31 of 1st period - Shot Blocked by Erik Karlsson.
8:33 of 1st period - Snap shot by Jakub Kindl.
8:33 of 1st period - Shot Blocked by Olli Maatta.
8:35 of 1st period - Wrist shot by Nicklas Grossmann.
8:35 of 1st period - Stopped by Braden Holtby without a rebound.
8:36 of 1st period - Eric Staal wins face-off versus Paul Gaustad in Islanders zone.
8:41 of 1st period - Snap shot by Patrick Kane.
8:41 of 1st period - Goal by Patrick Kane - Islanders : 0 - Capitals : 2.
8:42 of 1st period - Frans Nielsen wins face-off versus Eric Staal in neutral zone.
8:44 of 1st period - Erik Karlsson is hit by Nicklas Grossmann and loses puck.
8:55 of 1st period - Wrist shot by Tyler Ennis.
8:55 of 1st period - Shot Misses the Net.
9:09 of 1st period - Slapshot by Frans Nielsen.
9:09 of 1st period - Shot Misses the Net.
10:22 of 1st period - Wrist shot by Joe Pavelski.
10:22 of 1st period - Shot Blocked by Robyn Regehr.
10:51 of 1st period - Icing by Erik Condra.
10:52 of 1st period - Paul Gaustad wins face-off versus Marko Dano in Capitals zone.
11:11 of 1st period - Slapshot by Damon Severson.
11:11 of 1st period - Shot Misses the Net.
11:13 of 1st period - Slapshot by Eric Gelinas.
11:13 of 1st period - Stopped by Braden Holtby without a rebound.
11:14 of 1st period - Frans Nielsen wins face-off versus Eric O'Dell in Islanders zone.
11:19 of 1st period - Eric Gelinas is hit by Dustin Brown and loses puck.
11:38 of 1st period - Snap shot by Patrick Kane.
11:38 of 1st period - Shot Misses the Net.
11:40 of 1st period - Snap shot by Eric O'Dell.
11:40 of 1st period - Shot Hit the Post.
11:53 of 1st period - Dustin Brown is hit by Eric Gelinas and loses puck.
12:12 of 1st period - Minor Penalty to Nicklas Grossmann for Roughing.
12:13 of 1st period - Joe Pavelski wins face-off versus Patrick Kane in Capitals zone.
12:16 of 1st period - Snap shot by Marian Hossa.
12:16 of 1st period - Goal by Marian Hossa - Islanders : 1 - Capitals : 2.
12:17 of 1st period - Brandon Pirri wins face-off versus Melker Karlsson in neutral zone.
12:22 of 1st period - Snap shot by Jamie Benn.
12:22 of 1st period - Stopped by Matt Murray without a rebound.
12:23 of 1st period - Steve Bernier wins face-off versus David Krejci in Capitals zone.
12:45 of 1st period - Wrist shot by Steve Bernier.
12:45 of 1st period - Shot Misses the Net.
13:23 of 1st period - Nicklas Grossmann is hit by Joe Pavelski and loses puck.
13:36 of 1st period - Snap shot by Marian Hossa.
13:36 of 1st period - Stopped by Matt Murray without a rebound.
13:37 of 1st period - Paul Gaustad wins face-off versus Marko Dano in Capitals zone.
13:38 of 1st period - Slapshot by Erik Karlsson.
13:38 of 1st period - Deflect By Mike Green.
13:38 of 1st period - Stopped by Matt Murray without a rebound.
13:39 of 1st period - Marko Dano wins face-off versus Paul Gaustad in Capitals zone.
13:50 of 1st period - Erik Karlsson is hit by Kyle Clifford and loses puck.
14:48 of 1st period - Snap shot by Joe Pavelski.
14:48 of 1st period - Stopped by Matt Murray without a rebound.
14:49 of 1st period - Brandon Pirri wins face-off versus Melker Karlsson in Capitals zone.
15:21 of 1st period - Snap shot by David Krejci.
15:21 of 1st period - Stopped by Matt Murray with a rebound.
15:23 of 1st period - Snap shot by Olli Maatta.
15:23 of 1st period - Shot Misses the Net.
15:25 of 1st period - Wrist shot by Brandon Pirri.
15:25 of 1st period - Shot Blocked by Damon Severson.
15:27 of 1st period - Slapshot by Olli Maatta.
15:27 of 1st period - Deflect By Jamie Benn.
15:27 of 1st period - Goal by Jamie Benn - Islanders : 2 - Capitals : 2.
15:28 of 1st period - Joe Pavelski wins face-off versus Eric Staal in neutral zone.
15:57 of 1st period - Slapshot by Erik Karlsson.
15:57 of 1st period - Stopped by Matt Murray without a rebound.
15:58 of 1st period - Frans Nielsen wins face-off versus Melker Karlsson in Capitals zone.
16:27 of 1st period - Snap shot by Tyler Ennis.
16:27 of 1st period - Stopped by Matt Murray with a rebound.
16:33 of 1st period - Snap shot by Steve Bernier.
16:33 of 1st period - Shot Misses the Net.
16:35 of 1st period - Snap shot by Melker Karlsson.
16:35 of 1st period - Stopped by Braden Holtby without a rebound.
16:36 of 1st period - Eric Staal wins face-off versus David Krejci in Islanders zone.
16:39 of 1st period - Slapshot by Patrick Kane.
16:39 of 1st period - Stopped by Braden Holtby with a rebound.
17:45 of 1st period - Erik Condra is hit by Joe Pavelski.
18:40 of 1st period - Rob Scuderi is hit by Eric Gelinas.
18:57 of 1st period - Minor Penalty to Mike Green for Interference.
18:58 of 1st period - Patrick Kane wins face-off versus David Krejci in Capitals zone.
19:17 of 1st period - Slapshot by Jamie Benn.
19:17 of 1st period - Shot Misses the Net.
19:19 of 1st period - Snap shot by Jamie Benn.
19:19 of 1st period - Stopped by Matt Murray with a rebound.
19:21 of 1st period - Wrist shot by Frans Nielsen.
19:21 of 1st period - Goal by Frans Nielsen - Islanders : 3 - Capitals : 2.
19:22 of 1st period - Melker Karlsson wins face-off versus Paul Gaustad in neutral zone.
Goals for this period are 3 for Islanders vs 2 for Capitals.
Shots for this period are 14 for Islanders vs 11 for Capitals.

2nd period


0:01 of 2nd period - Eric Staal wins face-off versus David Krejci in neutral zone.
0:34 of 2nd period - Slapshot by Erik Karlsson.
0:34 of 2nd period - Shot Blocked by Robyn Regehr.
0:39 of 2nd period - Minor Penalty to Robyn Regehr for Holding.
0:40 of 2nd period - Patrick Kane wins face-off versus Joe Pavelski in Capitals zone.
2:39 of 2nd period - Penalty to Robyn Regehr is over, Robyn Regehr is back on ice.
2:53 of 2nd period - Icing by Jakub Kindl.
2:54 of 2nd period - Paul Gaustad wins face-off versus Kyle Clifford in Capitals zone.
3:09 of 2nd period - Rob Scuderi is hit by Kyle Clifford and loses puck.
3:48 of 2nd period - Off-side.
3:49 of 2nd period - Eric O'Dell wins face-off versus Frans Nielsen in neutral zone.
3:59 of 2nd period - Off-side.
4:00 of 2nd period - Joe Pavelski wins face-off versus Eric O'Dell in neutral zone.
4:23 of 2nd period - Snap shot by Joe Pavelski.
4:23 of 2nd period - Shot Blocked by Luke Adam.
4:25 of 2nd period - Slapshot by Carl Hagelin.
4:25 of 2nd period - Stopped by Matt Murray with a rebound.
4:52 of 2nd period - Matt Read is hit by Jamie Benn and loses puck.
5:33 of 2nd period - Patrik Berglund is hit by Kyle Clifford and loses puck.
5:56 of 2nd period - Snap shot by Patrik Berglund.
5:56 of 2nd period - Stopped by Matt Murray with a rebound.
6:45 of 2nd period - Minor Penalty to Olli Maatta for Hooking.
6:46 of 2nd period - Eric Staal wins face-off versus Paul Gaustad in Islanders zone.
6:57 of 2nd period - Snap shot by Patrick Kane.
6:57 of 2nd period - Goal by Patrick Kane - Islanders : 3 - Capitals : 3.
6:58 of 2nd period - Brandon Pirri wins face-off versus Marko Dano in neutral zone.
7:15 of 2nd period - Slapshot by Mike Green.
7:15 of 2nd period - Shot Blocked by Erik Karlsson.
7:17 of 2nd period - Slapshot by Robyn Regehr.
7:17 of 2nd period - Deflect By Kyle Clifford.
7:17 of 2nd period - Stopped by Braden Holtby with a rebound.
7:29 of 2nd period - Snap shot by Kyle Clifford.
7:29 of 2nd period - Shot Blocked by Erik Karlsson.
8:20 of 2nd period - Minor Penalty to Melker Karlsson for Holding.
8:21 of 2nd period - David Krejci wins face-off versus Eric Staal in Capitals zone.
8:43 of 2nd period - Off-side.
8:44 of 2nd period - Patrick Kane wins face-off versus Joe Pavelski in neutral zone.
8:57 of 2nd period - Wrist shot by Joe Pavelski.
8:57 of 2nd period - Shot Misses the Net.
8:59 of 2nd period - Slapshot by Joe Pavelski.
8:59 of 2nd period - Deflect By Carl Hagelin.
8:59 of 2nd period - Shot Misses the Net.
8:59 of 2nd period - Puck is out of play.
9:00 of 2nd period - Patrick Kane wins face-off versus Joe Pavelski in Capitals zone.
9:52 of 2nd period - Robyn Regehr is hit by Frans Nielsen and loses puck.
10:20 of 2nd period - Penalty to Melker Karlsson is over, Melker Karlsson is back on ice.
10:20 of 2nd period - Joe Pavelski is hit by Robyn Regehr and loses puck.
10:45 of 2nd period - Snap shot by Alex Tanguay.
10:45 of 2nd period - Stopped by Braden Holtby with a rebound.
10:47 of 2nd period - Wrist shot by Alex Tanguay.
10:47 of 2nd period - Stopped by Braden Holtby with a rebound.
10:49 of 2nd period - Wrist shot by Alex Tanguay.
10:49 of 2nd period - Stopped by Braden Holtby with a rebound.
11:28 of 2nd period - Jamie Benn is hit by Nicklas Grossmann and loses puck.
13:03 of 2nd period - Slapshot by Erik Karlsson.
13:03 of 2nd period - Deflect By Patrik Berglund.
13:03 of 2nd period - Stopped by Matt Murray with a rebound.
14:02 of 2nd period - Icing by Matt Read.
14:03 of 2nd period - Joe Pavelski wins face-off versus Melker Karlsson in Capitals zone.
14:22 of 2nd period - Wrist shot by Patrick Kane.
14:22 of 2nd period - Goal by Patrick Kane - Islanders : 3 - Capitals : 4.
14:23 of 2nd period - Paul Gaustad wins face-off versus Marko Dano in neutral zone.
14:29 of 2nd period - Off-side.
14:30 of 2nd period - Paul Gaustad wins face-off versus Marko Dano in neutral zone.
14:47 of 2nd period - Wrist shot by Patrik Berglund.
14:47 of 2nd period - Shot Misses the Net.
14:49 of 2nd period - Snap shot by Lauri Korpikoski.
14:49 of 2nd period - Stopped by Matt Murray with a rebound.
14:51 of 2nd period - Backhand shot by Rob Scuderi.
14:51 of 2nd period - Stopped by Matt Murray without a rebound.
14:52 of 2nd period - David Krejci wins face-off versus Alex Tanguay in Capitals zone.
15:17 of 2nd period - Alex Tanguay is hit by David Krejci and loses puck.
15:23 of 2nd period - Minor Penalty to Robyn Regehr for Roughing.
15:24 of 2nd period - Eric Staal wins face-off versus Joe Pavelski in Capitals zone.
15:33 of 2nd period - Off-side.
15:34 of 2nd period - Joe Pavelski wins face-off versus Patrick Kane in neutral zone.
16:20 of 2nd period - Minor Penalty to Erik Karlsson for High sticking.
16:21 of 2nd period - David Krejci wins face-off versus Patrick Kane in Islanders zone.
16:32 of 2nd period - Slapshot by Jamie Benn.
16:32 of 2nd period - Shot Misses the Net.
16:51 of 2nd period - Mike Green is hit by Dalton Prout and loses puck.
17:19 of 2nd period - Jakub Kindl is hit by Dalton Prout and loses puck.
17:23 of 2nd period - Penalty to Robyn Regehr is over, Robyn Regehr is back on ice.
17:37 of 2nd period - Icing by Steve Bernier.
17:38 of 2nd period - Paul Gaustad wins face-off versus Melker Karlsson in Capitals zone.
18:20 of 2nd period - Penalty to Erik Karlsson is over, Erik Karlsson is back on ice.
18:29 of 2nd period - Nicklas Grossmann is hit by Kevin Klein and loses puck.
18:50 of 2nd period - Wrist shot by Frans Nielsen.
18:50 of 2nd period - Stopped by Matt Murray without a rebound.
18:51 of 2nd period - Frans Nielsen wins face-off versus Marko Dano in Capitals zone.
19:00 of 2nd period - Slapshot by Dustin Brown.
19:00 of 2nd period - Stopped by Matt Murray with a rebound.
19:06 of 2nd period - Wrist shot by Tyler Ennis.
19:06 of 2nd period - Deflect By Dustin Brown.
19:06 of 2nd period - Stopped by Matt Murray without a rebound.
19:07 of 2nd period - David Krejci wins face-off versus Marko Dano in Capitals zone.
19:12 of 2nd period - Snap shot by David Krejci.
19:12 of 2nd period - Goal by David Krejci - Islanders : 4 - Capitals : 4.
19:13 of 2nd period - Marko Dano wins face-off versus Tyler Ennis in neutral zone.
19:22 of 2nd period - Snap shot by Tyler Ennis.
19:22 of 2nd period - Deflect By Dustin Brown.
19:22 of 2nd period - Stopped by Matt Murray with a rebound.
19:24 of 2nd period - Slapshot by Kevin Klein.
19:24 of 2nd period - Shot Misses the Net.
19:38 of 2nd period - Wrist shot by Frans Nielsen.
19:38 of 2nd period - Shot Misses the Net.
19:48 of 2nd period - Wrist shot by Frans Nielsen.
19:48 of 2nd period - Stopped by Matt Murray without a rebound.
19:49 of 2nd period - Eric Staal wins face-off versus David Krejci in Capitals zone.
Goals for this period are 1 for Islanders vs 2 for Capitals.
Shots for this period are 11 for Islanders vs 6 for Capitals.

3rd period


0:01 of 3rd period - David Krejci wins face-off versus Eric Staal in neutral zone.
0:04 of 3rd period - Slapshot by Erik Karlsson.
0:04 of 3rd period - Shot Misses the Net.
0:32 of 3rd period - Snap shot by Jamie Benn.
0:32 of 3rd period - Stopped by Matt Murray without a rebound.
0:33 of 3rd period - Joe Pavelski wins face-off versus Melker Karlsson in Capitals zone.
0:39 of 3rd period - Steve Bernier beats up Dalton Prout.
0:39 of 3rd period - Penalty to Steve Bernier for Fighting.
0:39 of 3rd period - Penalty to Dalton Prout for Fighting.
0:40 of 3rd period - Joe Pavelski wins face-off versus Alex Tanguay in Capitals zone.
0:56 of 3rd period - Minor Penalty to Robyn Regehr for High sticking.
0:57 of 3rd period - Jamie Benn wins face-off versus Patrick Kane in Capitals zone.
2:02 of 3rd period - Alex Tanguay is hit by Erik Karlsson and loses puck.
2:22 of 3rd period - Snap shot by Nicklas Grossmann.
2:22 of 3rd period - Stopped by Braden Holtby without a rebound.
2:23 of 3rd period - David Krejci wins face-off versus Patrick Kane in Islanders zone.
2:34 of 3rd period - Slapshot by Tyler Ennis.
2:34 of 3rd period - Deflect By Frans Nielsen.
2:34 of 3rd period - Shot Blocked by Jakub Kindl.
2:34 of 3rd period - Puck is out of play.
2:35 of 3rd period - David Krejci wins face-off versus Alex Tanguay in Capitals zone.
2:38 of 3rd period - Wrist shot by Erik Karlsson.
2:38 of 3rd period - Shot Blocked by Matt Read.
2:40 of 3rd period - Snap shot by Jamie Benn.
2:40 of 3rd period - Stopped by Matt Murray with a rebound.
2:56 of 3rd period - Penalty to Robyn Regehr is over, Robyn Regehr is back on ice.
3:12 of 3rd period - Slapshot by Marian Hossa.
3:12 of 3rd period - Shot Blocked by Mike Green.
3:14 of 3rd period - Slapshot by Carl Hagelin.
3:14 of 3rd period - Shot Misses the Net.
4:53 of 3rd period - Slapshot by Erik Karlsson.
4:53 of 3rd period - Shot Blocked by Patrick Kane.
4:55 of 3rd period - Slapshot by Kevin Klein.
4:55 of 3rd period - Stopped by Matt Murray with a rebound.
4:57 of 3rd period - Snap shot by Tyler Ennis.
4:57 of 3rd period - Stopped by Matt Murray with a rebound.
5:29 of 3rd period - Patrick Kane is hit by Carl Hagelin and loses puck.
6:30 of 3rd period - Dalton Prout is hit by Matt Read and loses puck.
6:41 of 3rd period - Erik Condra is hit by Lauri Korpikoski and loses puck.
6:50 of 3rd period - Wrist shot by Marko Dano.
6:50 of 3rd period - Stopped by Braden Holtby without a rebound.
6:51 of 3rd period - Marko Dano wins face-off versus Frans Nielsen in Islanders zone.
7:34 of 3rd period - Snap shot by Matt Read.
7:34 of 3rd period - Shot Blocked by Jordan Leopold.
7:51 of 3rd period - Joe Pavelski is hit by Eric Staal.
8:34 of 3rd period - Slapshot by Jamie Benn.
8:34 of 3rd period - Shot Misses the Net.
8:47 of 3rd period - Icing by Kyle Clifford.
8:48 of 3rd period - Marko Dano wins face-off versus Paul Gaustad in Capitals zone.
8:57 of 3rd period - Snap shot by Mike Green.
8:57 of 3rd period - Shot Blocked by Paul Gaustad.
8:59 of 3rd period - Slapshot by Erik Condra.
8:59 of 3rd period - Stopped by Braden Holtby with a rebound.
9:15 of 3rd period - Minor Penalty to Paul Gaustad for Slashing.
9:16 of 3rd period - Joe Pavelski wins face-off versus Melker Karlsson in Islanders zone.
9:29 of 3rd period - Snap shot by Steve Bernier.
9:29 of 3rd period - Stopped by Braden Holtby with a rebound.
9:31 of 3rd period - Slapshot by Robyn Regehr.
9:31 of 3rd period - Stopped by Braden Holtby with a rebound.
9:43 of 3rd period - Snap shot by Melker Karlsson.
9:43 of 3rd period - Stopped by Braden Holtby with a rebound.
9:45 of 3rd period - Slapshot by Robyn Regehr.
9:45 of 3rd period - Shot Blocked by Kevin Klein.
9:59 of 3rd period - Rob Scuderi is hit by Robyn Regehr and loses puck.
10:18 of 3rd period - Wrist shot by Eric Staal.
10:18 of 3rd period - Goal by Eric Staal - Islanders : 4 - Capitals : 5.
10:19 of 3rd period - Kyle Clifford wins face-off versus Frans Nielsen in neutral zone.
10:43 of 3rd period - Snap shot by Tyler Ennis.
10:43 of 3rd period - Shot Blocked by Jakub Kindl.
10:45 of 3rd period - Minor Penalty to Kyle Clifford for Holding.
10:46 of 3rd period - David Krejci wins face-off versus Patrick Kane in Capitals zone.
11:07 of 3rd period - Slapshot by Erik Karlsson.
11:07 of 3rd period - Stopped by Matt Murray with a rebound.
11:09 of 3rd period - Backhand shot by Frans Nielsen.
11:09 of 3rd period - Deflect By Jamie Benn.
11:09 of 3rd period - Goal by Jamie Benn - Islanders : 5 - Capitals : 5.
11:10 of 3rd period - Marian Hossa wins face-off versus Melker Karlsson in neutral zone.
11:33 of 3rd period - Slapshot by Joe Pavelski.
11:33 of 3rd period - Shot Misses the Net.
11:48 of 3rd period - Icing by Robyn Regehr.
11:49 of 3rd period - David Krejci wins face-off versus Melker Karlsson in Capitals zone.
12:20 of 3rd period - Snap shot by David Krejci.
12:20 of 3rd period - Stopped by Matt Murray without a rebound.
12:21 of 3rd period - Tyler Ennis wins face-off versus Alex Tanguay in Capitals zone.
12:38 of 3rd period - Snap shot by Frans Nielsen.
12:38 of 3rd period - Shot Blocked by Patrick Kane.
13:12 of 3rd period - Slapshot by Joe Pavelski.
13:12 of 3rd period - Shot Misses the Net.
14:16 of 3rd period - Minor Penalty to Eric O'Dell for Boarding.
14:17 of 3rd period - Frans Nielsen wins face-off versus Patrick Kane in Capitals zone.
15:21 of 3rd period - Snap shot by Joe Pavelski.
15:21 of 3rd period - Shot Misses the Net.
15:46 of 3rd period - Patrick Kane is hit by Jamie Benn and loses puck.
15:59 of 3rd period - Snap shot by Patrick Kane.
15:59 of 3rd period - Stopped by Braden Holtby with a rebound.
16:16 of 3rd period - Penalty to Eric O'Dell is over, Eric O'Dell is back on ice.
16:43 of 3rd period - Paul Gaustad is hit by Matt Read and loses puck.
16:50 of 3rd period - Slapshot by Olli Maatta.
16:50 of 3rd period - Deflect By Lauri Korpikoski.
16:50 of 3rd period - Stopped by Matt Murray with a rebound.
17:44 of 3rd period - Icing by Damon Severson.
17:45 of 3rd period - Marko Dano wins face-off versus Joe Pavelski in Capitals zone.
17:45 of 3rd period - Marko Dano is hit by Carl Hagelin.
18:29 of 3rd period - Minor Penalty to Carl Hagelin for Hooking.
18:30 of 3rd period - Paul Gaustad wins face-off versus Eric Staal in Islanders zone.
18:46 of 3rd period - Wrist shot by Eric Staal.
18:46 of 3rd period - Shot Misses the Net.
18:48 of 3rd period - Snap shot by Patrick Kane.
18:48 of 3rd period - Stopped by Braden Holtby with a rebound.
19:24 of 3rd period - Mike Green is hit by Dustin Brown and loses puck.
19:43 of 3rd period - Slapshot by Erik Karlsson.
19:43 of 3rd period - Shot Misses the Net.
Goals for this period are 1 for Islanders vs 1 for Capitals.
Shots for this period are 8 for Islanders vs 9 for Capitals.

Overtime #1


0:01 of 1st overtime period - Paul Gaustad wins face-off versus Patrick Kane in neutral zone.
0:29 of 1st overtime period - Penalty to Carl Hagelin is over, Carl Hagelin is back on ice.
0:33 of 1st overtime period - Wrist shot by Patrick Kane.
0:33 of 1st overtime period - Shot Blocked by Kevin Klein.
0:35 of 1st overtime period - Snap shot by Robyn Regehr.
0:35 of 1st overtime period - Shot Blocked by Rob Scuderi.
0:57 of 1st overtime period - Dalton Prout is hit by Robyn Regehr and loses puck.
1:49 of 1st overtime period - Nicklas Grossmann is hit by Dalton Prout and loses puck.
1:56 of 1st overtime period - Jamie Benn is hit by Luke Adam and loses puck.
2:26 of 1st overtime period - Snap shot by Eric Staal.
2:26 of 1st overtime period - Stopped by Braden Holtby without a rebound.
2:27 of 1st overtime period - David Krejci wins face-off versus Patrick Kane in Islanders zone.
3:08 of 1st overtime period - Wrist shot by Dustin Brown.
3:08 of 1st overtime period - Shot Blocked by Mike Green.
3:10 of 1st overtime period - Slapshot by Joe Pavelski.
3:10 of 1st overtime period - Shot Hit the Post.
3:12 of 1st overtime period - Wrist shot by Dustin Brown.
3:12 of 1st overtime period - Stopped by Matt Murray without a rebound.
3:13 of 1st overtime period - Patrick Kane wins face-off versus David Krejci in Capitals zone.
3:50 of 1st overtime period - Erik Condra is hit by Dalton Prout and loses puck.
4:01 of 1st overtime period - Wrist shot by Marian Hossa.
4:01 of 1st overtime period - Stopped by Matt Murray without a rebound.
4:02 of 1st overtime period - Luke Adam wins face-off versus Joe Pavelski in Capitals zone.
4:14 of 1st overtime period - Slapshot by Jakub Kindl.
4:14 of 1st overtime period - Shot Blocked by Joe Pavelski.
4:22 of 1st overtime period - Slapshot by Jakub Kindl.
4:22 of 1st overtime period - Shot Blocked by Olli Maatta.
4:28 of 1st overtime period - Nicklas Grossmann is hit by Dustin Brown and loses puck.
Goals for this period are 0 for Islanders vs 0 for Capitals.
Shots for this period are 2 for Islanders vs 1 for Capitals.

ShootOut


5:00 of 1st overtime period - Penalty Shot by Joe Pavelski for Islanders.
5:00 of 1st overtime period - Snap shot by Joe Pavelski.
5:00 of 1st overtime period - Goal by Joe Pavelski.
5:00 of 1st overtime period - Penalty Shot by Patrick Kane for Capitals.
5:00 of 1st overtime period - Backhand shot by Patrick Kane.
5:00 of 1st overtime period - Goal by Patrick Kane.
5:00 of 1st overtime period - Penalty Shot by Frans Nielsen for Islanders.
5:00 of 1st overtime period - Wrist shot by Frans Nielsen.
5:00 of 1st overtime period - Stopped by Matt Murray.
5:00 of 1st overtime period - Penalty Shot by Eric Staal for Capitals.
5:00 of 1st overtime period - Snap shot by Eric Staal.
5:00 of 1st overtime period - Stopped by Braden Holtby.
5:00 of 1st overtime period - Penalty Shot by Tyler Ennis for Islanders.
5:00 of 1st overtime period - Snap shot by Tyler Ennis.
5:00 of 1st overtime period - Goal by Tyler Ennis.
5:00 of 1st overtime period - Penalty Shot by Alex Tanguay for Capitals.
5:00 of 1st overtime period - Wrist shot by Alex Tanguay.
5:00 of 1st overtime period - Stopped by Braden Holtby.